 Dungeon Crawl Stone Soup version 0.31-a0-640-g39d97e502b (webtiles) character file.

Game seed: 12576184737036597184

19 rvierbuc the Conjurer (level 2, 0/2 (22) HPs)
             Began as a Demonspawn Reaver on Aug 27, 2023.
             Slain by a ball python (2 damage)
             ... on level 2 of the Dungeon.
             The game lasted 00:01:28 (911 turns).

rvierbuc the Conjurer (Demonspawn Reaver)            Turns: 911, Time: 00:01:29

HP:   0/2 (22)      AC:  4    Str: 12    XL:     2   Next: 55%
MP:   5/5           EV: 11    Int: 14    God:
Gold: 42            SH:  0    Dex: 11    Spells: 4/5 levels left

rFire   . . .        a - +0 falchion
rCold   . . .        (no shield)
rNeg    . . .        b - +0 leather armour
rPois   .            (no helmet)
rElec   .            h - +0 cloak
rCorr   .            (no gloves)
SInv    .            (no boots)
Will    .....        (no amulet)
Stlth   +            (no ring)
HPRegen 0.20/turn    (no ring)
MPRegen 0.09/turn

%: no passive effects
@: extremely drained
A: powered by pain 1
a: no special abilities


You were on level 2 of the Dungeon.
You visited 1 branch of the dungeon, and saw 2 of its levels.

You collected 42 gold pieces.

Inventory:

Hand Weapons
 a - a +0 falchion (weapon)
Armour
 b - a +0 leather armour (worn)
 h - a +0 cloak (worn)
Jewellery
 i - a ring of ice
Scrolls
 c - 2 scrolls of fear {unknown}
 d - 4 scrolls of identify {unknown}
 e - 2 scrolls of blinking {unknown}
 f - a scroll of noise {unknown}
 g - a scroll of teleportation {unknown}
 j - a scroll of fog {unknown}


   Skills:
 + Level 2.2 Fighting
 + Level 2.8 Long Blades
 + Level 0.4 Armour
 + Level 1.9 Dodging
 + Level 0.1 Stealth
 + Level 2.1 Spellcasting
 + Level 3.2 Conjurations
 + Level 0.3 Necromancy


You had 4 spell levels left.
You knew the following spells:

 Your Spells              Type           Power      Damage    Failure   Level
a - Kiss of Death         Conj/Necr      24%        2d7       14%         1

Your spell library contained the following spells:

 Spells                   Type           Power      Damage    Failure   Level
 Momentum Strike          Conj/Tloc      12%        3d8       24%         2
 Hailstorm                Conj/Ice       6%         3d4       43%         3


Dungeon Overview and Level Annotations

Branches:
Dungeon (2/15)

Altars:


Innate Abilities, Weirdness & Mutations

You sometimes gain a little power by taking damage.


Message History

You see here a +0 cloak.
h - a +0 cloak You start putting on your armour.
You continue putting on your +0 cloak. x4
You finish putting on your +0 cloak.
i - a ring of ice An endoplasm comes into view.
The endoplasm quivers.
Found a scroll labelled JINWYRCHADAS.
The endoplasm freezes you.
You are frozen.
Ouch! That really hurt!
You focus on the pain.
You feel very mighty all of a sudden.
You slash the endoplasm!
You kill the endoplasm!
d - 4 scrolls labelled JINWYRCHADAS (gained 1)
j - a scroll labelled WAD KIYTRU You start waiting.
You feel a little less mighty now.
A hobgoblin comes into view.
You can't see any susceptible monsters within range! (Use Z to cast anyway.)
The hobgoblin hits you but does no damage.
The negative energy hits the hobgoblin!
The hobgoblin is drained!
You kill the hobgoblin!
You feel drained.
HP restored.
Magic restored.
Done exploring.
Done exploring.
You see here a hobgoblin skeleton.
You see here a +0 ring mail.
There is a stone staircase leading down here.
You climb downwards.
The ball python hisses angrily.
There is a stone staircase leading up here.
A ball python is nearby!
You can't see any susceptible monsters within range! (Use Z to cast anyway.)
The ball python bites you.
Ouch! That really hurt!
You die...

## .# .# .# .#
.# # ####.#..#
########..<....#
......S@.##.#.##
########## .# .#
.# .# .# .#


You could see a ball python.

Vanquished Creatures
  A dart slug (D:1)
  3 bats (D:1)
  An endoplasm (D:1)
  A giant cockroach (D:1)
  2 goblins (D:1)
  3 hobgoblins (D:1)
  A quokka (D:1)
  A frilled lizard (D:1)
  A kobold (D:1)
  A rat (D:1)
15 creatures vanquished.

Notes
Turn   | Place    | Note
-------+----------+-------------------------------------------
     0 | D:1      | rvierbuc the Demonspawn Reaver began the quest for the Orb.
     0 | D:1      | Reached XP level 1. HP: 16/16 MP: 3/3
   331 | D:1      | Gained mutation: You sometimes gain a little power by
                  | taking damage. [demonic ancestry]
   331 | D:1      | Reached XP level 2. HP: 5/8 MP: 3/5
   911 | D:2      | Slain by a ball python

Illustrated notes

Levels and vault maps discovered:
D:1:      dpeg_arrival_pond, layout_basic, minivault_26
D:2:      layout_loops_ring, basic_altar

Action                     || total
---------------------------++-------
  Melee: Falchion          ||     6
   Cast: Kiss of Death     ||    14
 Armour: Leather armour    ||     4
  Dodge: Dodged            ||     9

Table legend: (Time is in decaauts)
 A = Elapsed time spent in this place.
 B = Non-inter-level travel time spent in this place.
 C = Inter-level travel time spent in this place.
 D = Time resting spent in this place.
 E = Time spent auto-exploring this place.
 F = Levels seen in this place.
 G = Mean time per level.
                   A        B        C        D        E       F      G
               +--------+--------+--------+--------+--------+-----+--------+
         Total |    911 |    866 |     45 |     27 |    756 |   2 |  455.5 |
       Dungeon |    911 |    866 |     45 |     27 |    756 |   2 |  455.5 |
               +--------+--------+--------+--------+--------+-----+--------+

Top non-repeatable levels by time:
     D:1: 909 daAuts
     D:2: 2 daAuts
